 Dungeon Crawl Stone Soup version 0.32-a0-132-g2d33c3cfaf (webtiles) character file.

Game seed: 6954010789902483911

44 Bravepunisher the Ducker (level 3, -2/19 HPs)
             Began as a Spriggan Monk on Feb 9, 2024.
             Splashed by a jelly's acid (4 damage)
             ... on level 5 of the Dungeon.
             The game lasted 00:03:04 (616 turns).

Bravepunisher the Ducker (Spriggan Monk)             Turns: 616, Time: 00:03:05

Health: -2/19      AC: -5    Str:  7    XL:     3   Next: 41%
Magic:  4/4        EV: 20    Int: 17    God:
Gold:   4          SH:  0    Dex: 19    Spells: 2/2 levels left

rFire   . . .        a - +0 short sword
rCold   . . .        (no shield)
rNeg    . . .        b - +0 robe
rPois   .            (helmet restricted)
rElec   .            c - +0 cloak
rCorr   .            (gloves unavailable)
SInv    +            (boots unavailable)
Will    .....        (no amulet)
Stlth   ++           h - +6 ring of intelligence
HPRegen 0.23/turn    (no ring)
MPRegen 0.09/turn

%: no passive effects
@: corroded, very quick
A: very small, no large weapons, unfitting armour, see invisible, speed 3
a: no special abilities


You were on level 5 of the Dungeon.
You visited 1 branch of the dungeon, and saw 5 of its levels.

You collected 4 gold pieces.

Inventory:

Hand Weapons
 a - a +0 short sword (weapon)
Armour
 b - a +0 robe (worn)
 c - a +0 cloak (worn)
Jewellery
 h - a +6 ring of intelligence (left hand)
Scrolls
 d - a scroll of identify {unknown}
 e - a scroll of enchant weapon {unknown}
 g - a scroll of enchant armour {unknown}
Potions
 f - a potion of lignification


   Skills:
 + Level 2.9 Fighting
 - Level 3.2 Short Blades
 * Level 5.4 Dodging


You had 2 spell levels left.
You didn't know any spells.
Your spell library was empty.

Dungeon Overview and Level Annotations

Branches:
Dungeon (5/15)
 Temple: D:4-7

Altars:
Gozag


Innate Abilities, Weirdness & Mutations

You are very small and have problems with some larger weapons.
You are too small for most types of armour.
You have supernaturally acute eyesight. (SInv)
You cover ground extremely quickly. (Speed+++)


Message History

e - a scroll labelled IPTEISAIDD You open the door.
A shadow imp comes into view.
An ogre comes into view. It is wielding a +0 giant club.
The shadow imp shouts!
There is an open door here.
A jelly comes into view.
The helpless jelly fails to defend itself.
You puncture the jelly! The acid corrodes you!
Your hands burn!
The jelly is heavily wounded.
The jelly hits you. The acid corrodes you!
You are splashed with acid!
The jelly attacks as it pursues you! The jelly barely misses you.
Found 6 gold pieces.
Found a potion of lignification.
Found an opulent altar of Gozag.
An adder comes into view.
You hear a distant slurping noise.
The adder hisses angrily.
The adder bites you.
You are poisoned.
The adder poisons you!
You feel sick. The adder attacks as it pursues you! The adder misses you.
An ogre comes into view. It is wielding a +0 giant spiked club.
You feel sick.
The ogre shouts!
Something shouts, "Go and return not, thou beslubbering crook-pated pinchbeck-pixie!"
A shadow imp comes into view.
You feel sick. The shadow imp spits at you. The ogre attacks as it pursues you!
The ogre closely misses you.
You feel sick.
You feel sick. Why would you want to do that?
You feel sick.
You feel sick.
You are no longer poisoned.
You see here a potion of lignification.
The jelly misses you.
You hit the jelly.
Your hands burn!
You die...

## ##............# #$.
..≈≈≈≈≈ ≈≈≈..# #.#
#.≈... ..≈..# #.#
#.≈.#####.≈..# #.#
#.≈.#....S≈..## #.#
##.≈.#._.#O≈...#
#.###........#.≈.#.###
#......≈J#####.≈......
###J##.#.≈.@!..OS≈5..###
#...##...≈≈≈≈≈≈≈≈≈..##
##.#+###.............#
#.....##########.#####
####.....# #.#
#....J...# #.#
#........# #.#
#..##....# #.# #..
#....#########


You could see an ogre, a jelly, an adder and a shadow imp.

Vanquished Creatures
  Terence (D:3)
  2 ball pythons
  An endoplasm (D:1)
  3 giant cockroaches
  A goblin (D:3)
  A hobgoblin (D:1)
  2 kobolds
  A quokka (D:1)
  3 bats (D:1)
  2 frilled lizards
  2 rats (D:1)
19 creatures vanquished.

Notes
Turn   | Place    | Note
-------+----------+-------------------------------------------
     0 | D:1      | Bravepunisher the Spriggan Monk began the quest for the
                  | Orb.
     0 | D:1      | Reached XP level 1. HP: 11/11 MP: 2/2
   135 | D:1      | Reached XP level 2. HP: 14/16 MP: 3/3
   277 | D:2      | Noticed Terence
   329 | D:3      | Killed Terence
   330 | D:3      | Reached skill level 5 in Dodging
   330 | D:3      | Reached XP level 3. HP: 19/19 MP: 4/4
   544 | D:5      | Entered Level 5 of the Dungeon
   568 | D:5      | Noticed an ogre
   598 | D:5      | Found an opulent altar of Gozag.
   605 | D:5      | Noticed an ogre
   616 | D:5      | Splashed by a jelly's acid

Illustrated notes

Levels and vault maps discovered:
D:1:      dpeg_arrival_orchard, layout_basic,
          hellmonk_ecumenical_altar_pennies_from_heaven, minmay_split_cup_small
D:2:      layout_basic, uniq_terence
D:3:      layout_basic, minmay_distorted
D:4:      layout_basic, temple_doors_e, serial_shops, shop,
          nicolae_ossuary_entry_catacombs, minmay_misc_feat_doors,
          hangedman_glass_teeth, minmay_quadrilaterals
D:5:      minmay_spotlight, layout_basic, mainiacjoe_overflow_brackets,
          serial_shops, shop, nicolae_shop_advertising_works
          [nicolae_subvault_shop_adworks], nicolae_shop_back_alley_shop, shop,
          uniq_blork_the_orc

Skill      XL: |  1  2 |
---------------+-------+-----
Dodging        | 5 |  5.4
Fighting       | |  2.9
Short Blades   | |  3.2

Action                     || total
---------------------------++-------
  Melee: Short sword       ||   111
         Punch             ||     3
    Use: Potion            ||     3
   Stab: Distracted        ||     1
         Sleeping          ||     1
 Armour: Robe              ||    23
         Skin              ||    29
  Dodge: Dodged            ||    70

Table legend: (Time is in decaauts)
 A = Elapsed time spent in this place.
 B = Non-inter-level travel time spent in this place.
 C = Inter-level travel time spent in this place.
 D = Time resting spent in this place.
 E = Time spent auto-exploring this place.
 F = Levels seen in this place.
 G = Mean time per level.
                   A        B        C        D        E       F      G
               +--------+--------+--------+--------+--------+-----+--------+
         Total |    431 |    431 |      0 |      9 |    157 |   5 |   86.2 |
       Dungeon |    431 |    431 |      0 |      9 |    157 |   5 |   86.2 |
               +--------+--------+--------+--------+--------+-----+--------+

Top non-repeatable levels by time:
     D:1: 170 daAuts
     D:3: 131 daAuts
     D:4: 49 daAuts
     D:5: 44 daAuts
     D:2: 35 daAuts
